 Dungeon Crawl Stone Soup version 0.20.1-1-g8b1a95d (webtiles) character file.

184 Jazqa the Skirmisher (level 5, -3/51 HPs)
             Began as a Naga Fighter on Oct 30, 2017.
             Slain by a tentacled starspawn (32 damage)
             ... on level 1 of the Abyss.
             The game lasted 00:03:28 (2840 turns).

Jazqa the Skirmisher (Naga Fighter)                 Turns: 2840, Time: 00:03:28

Health: -3/51      AC:  9    Str: 19    XL:     5   Next: 63%
Magic:  5/5        EV:  5    Int:  8    God:
Gold:   88         SH:  8    Dex: 11    Spells: 4/4 levels left

rFire    . . .     SeeInvis +   a - +0 war axe
rCold    . . .     Gourm    .   c - +0 shield
rNeg     . . .     Faith    .   b - +0 scale mail
rPois    +         Spirit   .   n - +0 helmet
rElec    .         Reflect  .   q - +2 cloak
rCorr    .         Harm     .   (no gloves)
MR       .....                  (no barding)
Stlth    ..........             (no amulet)
Regen    0.2/turn               (no ring)
MPRegen  0.1/turn               (no ring)

@: drained, very slow
A: see invisible, deformed body, poison resistance, slowness 2, slow metabolism
1, spit poison 1, AC +1
a: Spit Poison


You were on level 1 of the Abyss.
You were not hungry.

You visited 1 branch of the dungeon, and saw 3 of its levels.
You visited the Abyss 1 time.

You collected 88 gold pieces.


Innate Abilities, Weirdness & Mutations

You cannot wear boots.
Your serpentine skin is tough. (AC +1)
You have supernaturally acute eyesight. (SInv)
Armour fits poorly on your strangely shaped body.
Your system is resistant to poisons. (rPois)
You cover ground very slowly.
You have a slow metabolism.
You can spit poison.


   Skills:
 + Level 4.8(4.3) Fighting
 + Level 4.2(3.7) Axes
 - Level 2.4(1.9) Armour
 - Level 2.4(1.9) Shields


You had 4 spell levels left.
You didn't know any spells.

Inventory:

Hand Weapons
 a - a +0 war axe (weapon)
Armour
 b - a +0 scale mail (worn)
 c - a +0 shield (worn)
 n - a +0 helmet (worn)
 q - a +2 cloak (worn)
Scrolls
 j - a scroll of magic mapping {unknown}
 l - 3 scrolls of identify {unknown}
 m - a scroll of immolation {unknown}
Potions
 d - a potion of might
 e - a potion of invisibility {unknown}
 g - 2 potions of curing {@q1}
 k - 2 potions of mutation {unknown}
 p - 2 potions of magic {unknown}
 r - a potion of lignification {unknown}
Comestibles
 f - 2 bread rations {@e1}
 h - 2 royal jellies {@e3}
 i - 3 chunks of flesh
 o - 2 meat rations {@e1}

Dungeon Overview and Level Annotations

Branches:
Dungeon (3/15)

Altars:
Qazlal

.. ..# ▒▒. ..
#▒> .. .#░#..░
#. ▒..░│.▒#.
▓▒▒▒ ▓.│.▒.░
▓▓. .▒#▒.│#.@▒
▒..#▓.
▓▒.▒X▒.......
. #.
#▒..V▒▒#....▓.
.#.#..▒...#░
......
###▓.▒▓▒.
.#▓▓[
...#.#▓..?.#
.. .#.▒ #X#▓#▒
.▓ . ##▒ ▒..
.▓ ..# ..░


You could see a tentacled starspawn.


Message History

Unknown command.
You are suddenly pulled into a different region of the Abyss!
Found a bread ration.
f - 2 bread rations {@e1} (gained 1) HP restored.
Found a scroll labeled FUOTOCAAPH.
Found a gateway leading deeper into the Abyss.
A tentacled starspawn comes into view.
A tentacled starspawn is nearby!
A tentacle flies out from the starspawn's body!
A starspawn tentacle comes into view.
Found a ring mail.
You hit the tentacled starspawn but do no damage.
The tentacled starspawn bites you.
You block the tentacled starspawn's attack.
The tentacled starspawn bites you.
You block the tentacled starspawn's attack.
You slash the tentacled starspawn!
The tentacled starspawn is lightly damaged.
The tentacled starspawn closely misses you.
You block the tentacled starspawn's attack.
You hit the tentacled starspawn.
The tentacled starspawn is lightly damaged.
The tentacled starspawn bites you!
You block the tentacled starspawn's attack.
You hit the tentacled starspawn.
The tentacled starspawn is lightly damaged.
The tentacled starspawn bites you!!
Ouch! That really hurt!
You die...

Skill      XL: |  1  2  3  4  5 |
---------------+----------------+-----
Axes           | 3 4 |  4.2
Fighting       | 4 |  4.8
Armour         | |  2.4
Shields        | |  2.4

Action                   |  1- 3 |  4- 6 || total
-------------------------+-------+-------++-------
Melee: War axe           |   121 |   120 ||   241
  Use: Potion            |     1 |     1 ||     2
  Eat: Chunk             |     1 |     4 ||     5
Armor: Scale mail        |    48 |    65 ||   113
Dodge: Dodged            |    27 |    31 ||    58
Block: Shield            |    60 |    51 ||   111

Vault maps used:
D:1:      matt_arrival_diagonals
D:2:      nicolae_qazlal_general_emergency, uniq_robin, uniq_jessica
D:3:      st_stairs_5

Notes
Turn   | Place    | Note
-------+----------+-------------------------------------------
     0 | D:1      | Jazqa the Naga Fighter began the quest for the Orb.
     0 | D:1      | Reached XP level 1. HP: 21/21 MP: 1/1
   285 | D:1      | Reached XP level 2. HP: 28/28 MP: 2/2
   744 | D:1      | Reached XP level 3. HP: 32/34 MP: 3/3
  1036 | D:2      | Noticed Robin
  1049 | D:1      | Reached skill level 3 in Axes
  1287 | D:2      | Killed Robin
  1502 | D:2      | Reached XP level 4. HP: 41/44 MP: 4/4
  1597 | D:2      | Found a stormy altar of Qazlal.
  1637 | D:2      | Reached skill level 4 in Fighting
  1739 | D:2      | Noticed Jessica
  1742 | D:2      | Killed Jessica
  2041 | D:3      | Reached XP level 5. HP: 31/51 MP: 5/5
  2280 | D:3      | Reached skill level 4 in Axes
  2384 | D:3      | HP: 4/51 [gnoll/spear of distortion (11)]
  2781 | D:3      | You are cast into the Abyss!
  2781 | D:3      | Cast into level 1 of the Abyss (gnoll)
  2832 | Abyss:1  | Noticed a tentacled starspawn
  2840 | Abyss:1  | Slain by a tentacled starspawn

Vanquished Creatures
  Jessica (D:2)
  Robin (D:2)
  3 gnolls (D:3)
  3 adders
  A worm (D:3)
  2 dart slugs (D:1)
  8 leopard geckos
  6 orcs (D:3)
  5 giant cockroaches
  11 goblins
  12 hobgoblins
  3 kobolds
  4 bats
  5 frilled lizards
  3 rats
68 creatures vanquished.

Vanquished Creatures (others)
  A starspawn tentacle (Abyss:1)
1 creature vanquished.

Grand Total: 69 creatures vanquished
